 Dungeon Crawl Stone Soup version 0.28.0 (webtiles) character file.

Game seed: 14518960693142321722

218 PoweredByGinger the Chopper (level 5, 0/45 HPs)
             Began as a Hill Orc Fighter on Feb 15, 2022.
             Slain by a worm (5 damage)
             ... on level 4 of the Dungeon.
             The game lasted 00:02:53 (2486 turns).

PoweredByGinger the Chopper (Hill Orc Fighter)      Turns: 2486, Time: 00:02:54

Health: 0/45       AC:  6    Str: 21    XL:     5   Next: 95%
Magic:  5/5        EV:  9    Int: 14    God:
Gold:   98         SH:  5    Dex: 10    Spells: 4/4 levels left

rFire   . . .      SeeInvis .   a - +0 war axe
rCold   . . .      Faith    .   c - +0 buckler
rNeg    . . .      Spirit   .   b - +0 scale mail
rPois   .          Reflect  .   (no helmet)
rElec   .          Harm     .   (no cloak)
rCorr   +          Rampage  .   (no gloves)
Will    .....                   (no boots)
Stlth   ..........              r - amulet of the acrobat
HPRegen 0.15/turn               m - +6 ring of intelligence
MPRegen 0.09/turn               h - ring of resist corrosion

@: invisible
A: no striking features
a: no special abilities


You were on level 4 of the Dungeon.
You visited 1 branch of the dungeon, and saw 4 of its levels.

You collected 98 gold pieces.

Inventory:

Hand Weapons
 a - a +0 war axe (weapon)
Missiles
 i - 38 arrows
 j - 16 bolts
Armour
 b - a +0 scale mail (worn)
 c - a +0 buckler (worn)
Jewellery
 h - a ring of resist corrosion (right hand)
 m - a +6 ring of intelligence (left hand)
 r - an amulet of the acrobat (around neck)
Wands
 o - a wand of iceblast (10)
Scrolls
 f - 2 scrolls of enchant armour {unknown}
 g - a scroll of identify {unknown}
 l - 2 scrolls of enchant weapon {unknown}
 p - a scroll of magic mapping {unknown}
 q - 3 scrolls of amnesia {unknown}
Potions
 d - 2 potions of might
 k - a potion of haste {unknown}
 n - a potion of cancellation {unknown}


   Skills:
 - Level 3.6 Fighting
 + Level 5.8 Axes
 - Level 3.2 Armour
 + Level 5.5 Shields


You had 4 spell levels left.
You didn't know any spells.
Your spell library was empty.

Dungeon Overview and Level Annotations

Branches:
Dungeon (4/15)
 Temple: D:4-7

Altars:
Elyvilon
Zin


Message History

You block the scorpion's attack.
It was a potion of curing.
You feel better. The scorpion stings you.
You closely miss the scorpion. The scorpion stings you.
* * * LOW HITPOINT WARNING * * *
You closely miss the scorpion. The scorpion stings you!
* * * LOW HITPOINT WARNING * * *
The scorpion barely misses you.
You feel better. You block the scorpion's attack.
Okay, then.
Unknown command.
Okay, then.
You hit the scorpion but do no damage.
The scorpion stings you but does no damage.
A worm comes into view.
The scorpion stings you but does no damage.
You barely miss the scorpion. The scorpion stings you.
* * * LOW HITPOINT WARNING * * *
You hit the scorpion but do no damage. The scorpion stings you.
* * * LOW HITPOINT WARNING * * *
The scorpion stings you.
* * * LOW HITPOINT WARNING * * *
You feel better. The scorpion barely misses you.
You fade into invisibility!
The scorpion stings you!
* * * LOW HITPOINT WARNING * * *
Unknown command.
You hit the scorpion.
The scorpion is moderately wounded.
You hit the worm. The scorpion barely misses you. The worm barely misses you.
Unknown command.
You barely miss the scorpion.
The scorpion is moderately wounded.
You barely miss the worm. The scorpion barely misses you.
The scorpion stings you but does no damage.
Unknown command.
You barely miss the scorpion.
The scorpion is moderately wounded.
You barely miss the worm. The scorpion completely misses you.
The worm bites you.
You die...

### ..# ..# ..## ..##
#..# #### ## ##..###
#..##
##...##...#.###...##
#......@w....##....#
......)s)..........#
........#.#..#....##
........###..#....###
.........#......)..<#
..##................#
# .........#........#
..........#...###....
........... #.....


You could see a worm and a scorpion.

Vanquished Creatures
  A centaur (D:4)
  3 adders
  4 gnolls
  A worm (D:3)
  A dart slug (D:1)
  3 endoplasms
  4 giant cockroaches
  8 goblins
  6 hobgoblins
  4 jackals (D:3)
  5 quokkas
  4 ball pythons
  7 bats
  4 frilled lizards
  8 kobolds
  3 rats (D:1)
66 creatures vanquished.

Notes
Turn   | Place    | Note
-------+----------+-------------------------------------------
     0 | D:1      | PoweredByGinger the Hill Orc Fighter began the quest for
                  | the Orb.
     0 | D:1      | Reached XP level 1. HP: 19/19 MP: 1/1
    17 | D:1      | Found a faded altar of an unknown god.
   193 | D:1      | Reached XP level 2. HP: 24/26 MP: 2/2
   351 | D:1      | Reached XP level 3. HP: 20/31 MP: 3/3
   759 | D:2      | Found a white marble altar of Elyvilon.
  1337 | D:3      | Reached XP level 4. HP: 39/39 MP: 4/4
  2019 | D:3      | Reached skill level 5 in Axes
  2127 | D:3      | Reached XP level 5. HP: 32/45 MP: 5/5
  2251 | D:3      | Reached skill level 5 in Shields
  2327 | D:3      | Found a glowing silver altar of Zin.
  2327 | D:3      | Noticed an angel
  2463 | D:4      | Noticed a centaur
  2472 | D:4      | Killed a centaur
  2486 | D:4      | Slain by a worm

Illustrated notes

Levels and vault maps discovered:
D:1:      nzn_arrival_crosshair, layout_rooms, chequers_ecumenical_altar_island
D:2:      layout_rooms, basic_altar, bh_walls_and_bars
D:3:      layout_rooms, zin_angel, minmay_liquid_box,
          chequers_serial_rivers_micro_c
D:4:      layout_cave_pools, kennysheep_generic_room_2, uniq_pikel, uniq_edmund

Skill      XL: |  1  2  3  4  5 |
---------------+----------------+-----
Axes           | 3 4 5 |  5.8
Shields        | 4 5 |  5.5
Fighting       | |  3.6
Armour         | |  3.2

Action                   |  1- 3 |  4- 6 || total
-------------------------+-------+-------++-------
Melee: War axe           |   107 |    89 ||   196
  Use: Potion            |       |     4 ||     4
Armor: Scale mail        |    52 |    40 ||    92
Dodge: Dodged            |    46 |    67 ||   113
Block: Buckler           |    17 |    14 ||    31
